 Dungeon Crawl Stone Soup version 0.28.0-45-g0d030f2227 (webtiles) character file.

Game seed: 16509448941949255256

20 Icepheonix32 the Skirmisher (level 2, -4/24 HPs)
             Began as a Demonspawn Fighter on Apr 10, 2022.
             Slain by an orc wizard
             ... wielding a +1 dagger of electrocution
              (14 damage)
             ... on level 2 of the Dungeon.
             The game lasted 00:00:42 (1240 turns).

Icepheonix32 the Skirmisher (Demonspawn Fighter)    Turns: 1240, Time: 00:00:43

Health: -4/24      AC:  6    Str: 16    XL:     2   Next: 58%
Magic:  2/2        EV: 10    Int:  9    God:
Gold:   0          SH:  4    Dex: 12    Spells: 1/1 levels left

rFire   . . .      SeeInvis .   j - +2 short sword (speed)
rCold   . . .      Faith    .   c - +0 buckler
rNeg    . . .      Spirit   .   b - +0 scale mail
rPois   .          Reflect  .   (no helmet)
rElec   .          Harm     .   (no cloak)
rCorr   .          Rampage  .   (no gloves)
Will    .....                   (no boots)
Stlth   ..........              (no amulet)
HPRegen 0.08/turn               (no ring)
MPRegen 0.08/turn               (no ring)

@: no status effects
A: repulsion field 1
a: no special abilities


You were on level 2 of the Dungeon.
You visited 1 branch of the dungeon, and saw 2 of its levels.

Inventory:

Hand Weapons
 a - a +0 war axe
 j - a +2 short sword of speed (weapon)
Armour
 b - a +0 scale mail (worn)
 c - a +0 buckler (worn)
Magical Staves
 i - a staff of conjuration
Scrolls
 e - a scroll of noise {unknown}
 f - a scroll of summoning {unknown}
 g - a scroll of vulnerability {unknown}
 h - 2 scrolls of immolation
Potions
 d - a potion of might


   Skills:
 + Level 3.5 Fighting
 - Level 2.0 Axes
 + Level 2.8 Armour
 + Level 2.8 Shields


You had one spell level left.
You didn't know any spells.
Your spell library contained the following spells:

 Spells                   Type           Power      Damage    Failure   Level
 Confusing Touch          Hex            0%         N/A       99%         3
 Yara's Violent Unravell  Hex/Tmut       0%         3d3       100%        5
 Enfeeble                 Hex            0%         N/A       100%        7


Dungeon Overview and Level Annotations

Branches:
Dungeon (2/15)

Altars:


Innate Abilities, Weirdness & Mutations

You are surrounded by a mild repulsion field. (EV +2)


Message History

Something hits you but does no damage.
You hit the orc but do no damage.
The orc is moderately wounded.
The orc barely misses you. Something hits you but does no damage.
You barely miss the orc.
The orc is moderately wounded.
You block the orc's attack.
You hit the orc.
The orc is severely wounded.
Something hits you. The orc hits you but does no damage.
You are too injured to fight recklessly!
You are too injured to fight recklessly!
You are too injured to fight recklessly!
You are too injured to fight recklessly!
You are too injured to fight recklessly!
You are too injured to fight recklessly!
You are too injured to fight recklessly!
You are too injured to fight recklessly!
You are too injured to fight recklessly!
You are too injured to fight recklessly!
You are too injured to fight recklessly!
You are too injured to fight recklessly!
You are too injured to fight recklessly!
You are too injured to fight recklessly!
You are too injured to fight recklessly!
You are too injured to fight recklessly!
You are too injured to fight recklessly!
You are too injured to fight recklessly!
You are too injured to fight recklessly!
You are too injured to fight recklessly!
You barely miss the orc.
The orc is severely wounded.
You block something's attack. The orc closely misses you.
Unknown command.
Things that are here:
a +0 short sword; an orc corpse Something hits you but does no damage.
You miss something. Something hits you.
You are electrocuted!
Ouch! That really hurt!
You die...

#######.###.## #.#
#<# #.# #.# #.#
#.# #.# #.#
###########.# #.#
#...........# #.#
#### #.###########
#.# ..... #@# ..#
......####.#
........)Jo#
.......)).........
..........##.#####
##........+ .#
#........# #
#........#
#........#


You could see an orc and an endoplasm.

Vanquished Creatures
  3 orcs (D:2)
  A bat (D:1)
  2 endoplasms (D:1)
  A giant cockroach (D:1)
  A goblin (D:1)
  A hobgoblin (D:1)
  A quokka (D:1)
  A frilled lizard (D:1)
  5 kobolds (D:1)
16 creatures vanquished.

Vanquished Creatures (others)
  A plant (D:1)
1 creature vanquished.

Grand Total: 17 creatures vanquished

Notes
Turn   | Place    | Note
-------+----------+-------------------------------------------
     0 | D:1      | Icepheonix32 the Demonspawn Fighter began the quest for the
                  | Orb.
     0 | D:1      | Reached XP level 1. HP: 18/18 MP: 1/1
   461 | D:1      | Found a faded altar of an unknown god.
   472 | D:1      | Gained mutation: You are surrounded by a mild repulsion
                  | field. (EV +2) [demonic ancestry]
   472 | D:1      | Reached XP level 2. HP: 24/24 MP: 2/2
  1240 | D:2      | Slain by an orc wizard

Illustrated notes

Levels and vault maps discovered:
D:1:      shiori_angband_town, layout_basic, hellmonk_ecumenical_altar_blasted,
          chequers_big_river, palyth_stone_intersect
D:2:      layout_basic, uniq_terence

Skill      XL: |  1  2 |
---------------+-------+-----
Axes           | 2 |  2.0
Fighting       | |  3.5
Armour         | |  2.8
Shields        | |  2.8

Action                   || total
-------------------------++-------
Melee: War axe           ||    27
       Short sword       ||    17
Armor: Scale mail        ||    16
Dodge: Dodged            ||    22
Block: Buckler           ||    10
